 Dungeon Crawl Stone Soup version 0.19.4-9-g45fd643 (webtiles) character file.

324848 Jm2c the Tortoise (level 21, -10/205 (206) HPs)
             Began as a Deep Dwarf Fighter on Feb 14, 2017.
             Was the Champion of Makhleb.
             Killed from afar by a Tzitzimitl (46 damage)
             ... with a bolt of cold
             ... summoned by a deep elf demonologist
             ... led by an ironheart preserver
             ... on level 4 of the Vaults on Feb 20, 2017.
             The game lasted 12:46:56 (45254 turns).

Jm2c the Tortoise (Deep Dwarf Fighter)             Turns: 45254, Time: 12:46:56

HP:   -10/205 (206) AC: 31    Str: 30    XL:     21   Next: 5%
MP:   6/6           EV: 14    Int: 10    God:    Makhleb [******]
Gold: 1479          SH: 15    Dex: 16    Spells: 0 memorised, 20 levels left

rFire  + . .     SeeInvis .     a - +3 broad axe (elec)
rCold  . . .     Gourm    .     K - +4 plate armour {rF+}
rNeg   + . .     Faith    .     c - +0 shield
rPois  .         Spirit   .     (helmet restricted)
rElec  .         Reflect  .     E - +1 cloak
rCorr  .         Harm     .     v - +1 pair of gloves
MR     +++..                    (no boots)
Stlth  ..........               (no amulet)
                                (no ring)
                                h - +3 ring of protection

@: mighty, marked, very slightly contaminated, non-regenerating, diseased,
hasted, very quick
A: damage resistance, recharge devices, antennae 1, mutation resistance 1,
negative energy resistance 1, sense surroundings 3, slow regeneration 3
a: Device Recharging, Minor Destruction, Lesser Servant of Makhleb, Major
Destruction, Greater Servant of Makhleb, Renounce Religion
}: 1/15 runes: serpentine


You were on level 4 of the Vaults.
You worshipped Makhleb.
Makhleb was exalted by your worship.
You were completely stuffed.

You visited 8 branches of the dungeon, and saw 36 of its levels.
You also visited: Ice Cave.

You collected 5259 gold pieces.
You spent 3780 gold pieces at shops.

Inventory:

Hand Weapons
 a - a +3 broad axe of electrocution (weapon)
 b - a +0 fustibalus of freezing
 w - a +4 war axe of electrocution
 Q - a +1 war axe of holy wrath
Missiles
 k - 213 sling bullets
 I - 5 poisoned javelins
 S - 9 javelins (quivered)
Armour
 c - a +0 shield (worn)
 v - a +1 pair of gloves (worn)
 E - a +1 cloak (worn)
 K - a +4 plate armour of fire resistance (worn)
 P - the +0 pair of gloves of Impressiveness {rF++ rN+++ MR- Stlth-}
   (You bought it in a shop on level 9 of the Dungeon)

   It greatly protects you from fire.
   It renders you almost immune to negative energy.
   It affects your resistance to hostile enchantments.
   It makes you less stealthy.
Rods
 B - a +0 lightning rod (14/14)
   (You took it off a death knight on level 3 of the Vaults)
Jewellery
 h - a +3 ring of protection (left hand)
 x - a +2 ring of strength
Wands
 e - a wand of heal wounds (6/9)
 p - a wand of digging (10/24)
 q - a wand of confusion (5/48)
 r - a wand of slowing (3/48)
 s - a wand of confusion (16/48)
 y - a wand of teleportation (2/9)
 A - a wand of disintegration (13/24)
 C - a wand of lightning (8/15)
 H - a wand of teleportation (3/9)
 J - a wand of iceblast (1/15)
 M - a wand of paralysis (1/24)
 N - a wand of polymorph (11/24)
 O - a wand of iceblast (12/15)
 U - a wand of digging (13/24)
 V - a wand of slowing (21/48)
 W - a wand of paralysis (10/24)
Scrolls
 g - 7 scrolls of fog
 n - 2 scrolls of identify
 o - 5 scrolls of teleportation
 D - 5 scrolls of remove curse
 F - 3 scrolls of magic mapping
 X - 2 scrolls of summoning
 Z - 2 scrolls of fear
Potions
 i - 7 potions of agility
 j - 9 potions of flight
 l - 2 potions of cancellation
 m - a potion of might
 t - a potion of brilliance
 u - 2 potions of berserk rage
 L - 4 potions of haste
 T - 2 potions of cure mutation
 Y - a potion of magic
Miscellaneous
 G - a phantom mirror
 R - 2 boxes of beasts
Comestibles
 d - 19 royal jellies
 f - 14 bread rations


   Skills:
 * Level 16.5 Fighting
 - Level 18.0 Axes
 - Level 3.0(3.6) Slings
 - Level 2.5(3.0) Throwing
 - Level 19.0 Armour
 - Level 8.2 Dodging
 - Level 16.1 Shields
 + Level 15.5 Invocations
 + Level 15.7 Evocations


You had 20 spell levels left.
You didn't know any spells.

Dungeon Overview and Level Annotations

Branches:
Dungeon (15/15)            Temple (1/1) D:4            Lair (6/6) D:9
 Shoals (3/4) Lair:3        Snake (4/4) Lair:2        Slime (0/5) Lair:5
    Orc (2/2) D:9             Elf (1/3) Orc:2        Vaults (4/5) D:14
  Crypt (0/3) Vaults:2     Depths (0/5) D:15

Altars:
Ashenzari
Cheibriados
Fedhas
Makhleb
Nemelex Xobeh
Qazlal
Ru
Sif Muna
Vehumet
Xom
Zin
The Shining One
Beogh
Jiyva

Shops:
D:4 [   D:9 [   Orc:2 ![(}   Snake:1 *   Snake:4 **[(   Vaults:1 [   Vaults:2 [
Vaults:3 *

Annotations:
Vaults:4 Sojobo


Innate Abilities, Weirdness & Mutations

You are resistant to damage.
You can recharge devices by infusing magical energy.
You resist negative energy. (rN+)
You passively map a large area around you.
You do not regenerate.
You have a pair of small antennae on your head.
You are somewhat resistant to further mutation.


Message History

The tormentor calls on the powers of darkness!
The deep elf knight convulses!
Your body is wracked with pain!
* * * LOW HITPOINT WARNING * * *
You closely miss the Tzitzimitl.
The Tzitzimitl is moderately wounded.
You block the Tzitzimitl's attack. The Tzitzimitl bites you.
* * * LOW HITPOINT WARNING * * *
You feel ill.
You feel your flesh rotting away!
A demon appears!
It doesn't seem very happy.
The Tzitzimitl barely misses you. You block the Tzitzimitl's attack.
The balrug gestures at you. Makhleb smites you!
* * * LOW HITPOINT WARNING * * *
The Hell Sentinel gestures at you. You block the iron shot.
You feel yourself speed up. The Tzitzimitl gestures at you.
The bolt of cold hits you!
You die...

, , * #...............
,>, #..#..##.....### ,
#######.....##..#..#
#..................#
#........#.........#
#...........#..#...# *
#................).#
#............(.....#
*#####@###########'(###
**, , #...(.# #..(.. *
, , , , #....)# #.##(.
*, ,, #.21).# #.##..
,**,, , , #.1...#
#...## * , , {#.2...#
#...## * , *** e#()...#
#..... * ,, +.Q))...#
#..... , ,#'#######
######


You could see a Hell Sentinel, a Tzitzimitl, a tengu reaver, a balrug and a
tormentor.

Vanquished Creatures
  Vashnia (Snake:4)
  Nikola (Snake:4)
  Asterion (Snake:4)
  2 sphinxes
  A shadow dragon (Vaults:3)
  11 nagarajas
  5 frost giants
  An orc warlord (Orc:2)
  A deep elf sorcerer (Vaults:1)
  2 fire giants
  11 vault wardens
  A ghoul (Vaults:3)
  3 stone giants
  A very ugly thing (Vaults:3)
  23 ironheart preservers
  A war gargoyle (Vaults:3)
  An entropy weaver (Vaults:2)
  2 deep elf demonologists
  A deep elf annihilator (Vaults:1)
  Nessos (D:15)
  Azrael (Snake:1)
  A deep elf death mage (Vaults:4)
  2 fire dragons
  4 merfolk impalers
  6 yaktaur captains
  3 great orbs of eyes
  16 naga warriors
  The ghost of taheo the Fencer, a journeyman MiFi of Okawaru (D:10)
  7 vault guards
  4 ice dragons
  3 rakshasas
  3 catoblepae
  2 hydras
  14 anacondas
  2 deep troll shamans
  8 centaur warriors
  A merfolk aquamancer (Shoals:1)
  An alligator snapping turtle (Shoals:3)
  6 ogre magi
  3 death knights
  9 death yaks
  Urug (Lair:2)
  3 deep troll earth magi
  A tengu warrior (D:13)
  5 shock serpents
  3 orc high priests
  25 naga sharpshooters
  A fire crab (shapeshifter) (Vaults:1)
  9 deep elf knights
  5 salamander mystics
  A shadow wraith (Vaults:3)
  10 skeletal warriors
  A storm dragon skeleton (Vaults:2)
  5 sea snakes
  2 glowing orange brains
  20 deep trolls
  7 naga ritualists
  18 harpies
  An unseen horror (D:14)
  4 deep elf archers
  A phantasmal warrior (Vaults:3)
  28 hill giants
  4 wizards
  14 ironbrand convokers
  A necromancer (D:10)
  17 orc knights
  26 deep elf magi
  6 lindwurms
  9 mana vipers
  5 orc sorcerers
  5 fauns
  24 ugly things
  5 cyclopes
  3 tengu skeletons (Vaults:2)
  12 salamanders
  17 elephants
  9 manticores
  A moth of wrath (shapeshifter) (D:14)
  Joseph (D:9)
  5 sirens
  2 rust devils (D:10)
  An ice statue (IceCv)
  A frost giant skeleton (Vaults:2)
  A water nymph (Shoals:3)
  41 black mambas
  A black mamba (shapeshifter) (Vaults:4)
  10 guardian serpents
  10 spiny frogs
  14 vault sentinels
  24 naga magi
  3 gargoyles
  A spiny frog (shapeshifter) (D:13)
  25 yaktaurs
  5 rime drakes
  8 komodo dragons
  An efreet (D:14)
  8 freezing wraiths
  A polar bear (shapeshifter) (D:14)
  2 human skeletons (Vaults:2)
  15 merfolk
  A tengu conjurer (D:13)
  A queen bee (Lair:1)
  12 two-headed ogres
  6 trolls
  3 meliai (D:14)
  A jumping spider (shapeshifter) (D:14)
  14 polar bears
  3 wind drakes
  4 hornets
  A tengu simulacrum (Vaults:3)
  24 slime creatures
  9 blink frogs
  15 hippogriffs
  2 snapping turtles
  A vampire (D:10)
  7 water elementals
  6 shadows
  A tarantella (shapeshifter) (Vaults:4)
  4 flying skulls (D:10)
  56 yaks
  Eustachio (D:4)
  A spriggan (D:11)
  3 wraiths
  5 wyverns
  A yak (shapeshifter) (Vaults:1)
  3 hungry ghosts
  2 fire elementals (Snake:2)
  5 basilisks
  A mottled dragon (Vaults:2)
  69 nagas
  A soldier ant (shapeshifter) (Vaults:3)
  7 water moccasins
  The ghost of letownia the Conjurer, an amateur OpWz (D:4)
  16 wargs
  3 hell hounds (Snake:2)
  5 porcupines
  3 black bears
  5 ice beasts
  2 necrophages
  69 orc warriors
  9 sky beasts
  The ghost of Aramant the Covered, an amateur MiFi (D:3)
  A phantom (D:9)
  30 ogres
  A boggart (Vaults:1)
  25 wolves
  An elf skeleton (Vaults:2)
  11 crocodiles
  23 centaurs
  A big kobold (D:13)
  A wyvern zombie (D:10)
  22 bullfrogs
  A wyvern skeleton (D:10)
  5 scorpions
  A water moccasin skeleton (D:8)
  24 killer bees (Lair:1)
  A troll zombie (D:9)
  3 vampire bats (D:12)
  2 wights (D:10)
  8 howler monkeys
  5 electric eels
  6 crimson imps
  3 centaur zombies
  A quasit (D:8)
  2 jellies
  8 hounds
  6 centaur skeletons
  28 orc priests
  6 bullfrog skeletons
  32 orc wizards
  8 iguanas
  11 worker ants
  A killer bee zombie (D:10)
  5 ogre zombies (D:9)
  A hound skeleton (D:10)
  3 worker ant zombies
  Robin (D:2)
  2 howler monkey skeletons (D:10)
  20 adders
  3 river rats (D:9)
  5 shadow imps
  An ooze (D:2)
  2 adder zombies
  3 adder skeletons
  3 worms (D:2)
  A dart slug (D:2)
  2 leopard geckos
  143 orcs
  3 giant cockroaches
  22 goblins
  15 hobgoblins
  13 jackals
  3 kobolds
  6 quokkas
  2 ball pythons
  25 bats
  3 frilled lizards
  A goblin skeleton (D:9)
  A goblin zombie (D:9)
  2 hobgoblin skeletons (D:9)
  2 hobgoblin zombies (D:9)
  4 orc skeletons
  10 orc zombies (D:9)
  15 rats
  10 fungi
  9 plants
1660 creatures vanquished.

Vanquished Creatures (collateral kills)
  An ironheart preserver (Vaults:2)
  An ettin (Orc:1)
  A rakshasa (Vaults:2)
  7 hydras
  2 naga sharpshooters
  An orc knight (Vaults:2)
  3 elephants (Lair:6)
  A water nymph (shapeshifter) (Vaults:2)
  A black mamba (shapeshifter) (Vaults:2)
  A freezing wraith (D:14)
  A hornet (D:14)
  A water elemental (D:14)
  2 water moccasins (Lair:6)
  A crocodile (Lair:6)
  A bullfrog (Lair:5)
  A wyvern skeleton (D:14)
  2 electric eels (D:14)
  A plant (Lair:6)
29 creatures vanquished.

Vanquished Creatures (others)
  A deep elf knight (Vaults:4)
  A boggart (Vaults:1)
  29 fungi
  24 plants
55 creatures vanquished.

Grand Total: 1744 creatures vanquished

Notes
Turn   | Place    | Note
-------+----------+-------------------------------------------
     0 | D:1      | Jm2c the Deep Dwarf Fighter began the quest for the Orb.
     0 | D:1      | Reached XP level 1. HP: 20/20 MP: 1/1
   250 | D:1      | Reached XP level 2. HP: 28/28 MP: 2/2
   878 | D:2      | Reached XP level 3. HP: 32/34 MP: 3/3
  1227 | D:2      | Reached XP level 4. HP: 38/44 MP: 4/4
  1258 | D:2      | Noticed Robin
  1267 | D:2      | Killed Robin
  1601 | D:2      | Reached XP level 5. HP: 39/50 MP: 5/5
  1733 | D:2      | Found a burning altar of Makhleb.
  1738 | D:2      | Became a worshipper of Makhleb the Destroyer
  1881 | D:3      | Noticed Aramant's ghost (amateur MiFi)
  2325 | D:3      | Reached * piety under Makhleb
  2385 | D:3      | Found a shattered altar of Ashenzari.
  2396 | D:3      | Noticed an ogre
  2406 | D:3      | Killed an ogre
  2406 | D:3      | Reached skill level 5 in Axes
  2406 | D:3      | Reached XP level 6. HP: 23/60 MP: 6/6
  2782 | D:3      | Killed Aramant's ghost
  2782 | D:3      | Reached skill level 5 in Fighting
  2890 | D:4      | Found a staircase to the Ecumenical Temple.
  2899 | Temple   | Entered the Ecumenical Temple
  2925 | D:4      | Found Feza's Antique Armour Boutique.
  3198 | D:4      | Noticed Eustachio
  3241 | D:4      | Killed Eustachio
  3241 | D:4      | Reached skill level 4 in Armour
  3241 | D:4      | Reached XP level 7. HP: 42/67 MP: 7/7
  3253 | D:4      | Noticed letownia's ghost (amateur OpWz)
  3280 | D:4      | Killed letownia's ghost
  3280 | D:4      | Reached skill level 5 in Armour
  3387 | D:4      | Found a stormy altar of Qazlal.
  3780 | D:5      | Entered Level 5 of the Dungeon
  3892 | D:5      | Reached skill level 6 in Armour
  4110 | D:5      | Found a glowing silver altar of Zin.
  4188 | D:5      | Found a faded altar of an unknown god.
  4188 | D:5      | Found a faded altar of an unknown god.
  4198 | D:5      | Reached skill level 5 in Shields
  4198 | D:5      | Reached XP level 8. HP: 74/74 MP: 8/8
  4206 | D:5      | Found a faded altar of an unknown god.
  4208 | D:5      | Found a faded altar of an unknown god.
  4211 | D:5      | Found a deep blue altar of Sif Muna.
  4526 | D:5      | Reached ** piety under Makhleb
  4526 | D:5      | Reached skill level 7 in Armour
  4815 | D:6      | You fall through a shaft for 3 floors!
  4988 | D:9      | Reached skill level 8 in Armour
  5066 | D:9      | Noticed a troll
  5091 | D:9      | Killed a troll
  5105 | D:9      | Reached skill level 9 in Armour
  5143 | D:9      | Noticed a two-headed ogre
  5165 | D:9      | Killed a two-headed ogre
  5165 | D:9      | Gained mutation: You passively map the area around you. [Deep Dwarf growth]
  5165 | D:9      | Reached XP level 9. HP: 53/81 MP: 8/8
  5440 | D:8      | Found a blossoming altar of Fedhas.
  5459 | D:8      | Found a radiant altar of Vehumet.
  5459 | D:8      | Found a glowing golden altar of the Shining One.
  5472 | D:8      | Reached skill level 10 in Armour
  5796 | D:6      | Reached *** piety under Makhleb
  6243 | D:7      | Found a sacrificial altar of Ru.
  6675 | D:4      | Bought a steaming shield for 313 gold pieces
  6802 | D:8      | Reached skill level 11 in Armour
  7017 | D:8      | Reached skill level 1 in Evocations
  7095 | D:8      | Identified the cursed +0 shield of Refasato {-Tele Int+5} (You bought it in a shop on level 4 of the Dungeon)
  7159 | D:8      | Found a snail-covered altar of Cheibriados.
  7420 | D:9      | Reached skill level 1 in Invocations
  7427 | D:9      | Reached XP level 10. HP: 69/91 MP: 9/11
  7564 | D:9      | Found a staircase to the Orcish Mines.
  7602 | D:9      | Reached **** piety under Makhleb
  7805 | D:9      | Found a staircase to the Lair.
  7890 | D:9      | Found Highoymp's Antique Armour Boutique.
  7965 | D:9      | Reached skill level 5 in Evocations
  8241 | D:10     | Entered Level 10 of the Dungeon
  8257 | D:10     | Noticed a necromancer
  8265 | D:10     | Reached skill level 5 in Invocations
  8921 | D:10     | Noticed a hill giant
  8938 | D:10     | Killed a hill giant
  8938 | D:10     | Reached XP level 11. HP: 50/100 MP: 12/12
  8986 | D:10     | Noticed taheo's ghost (journeyman MiFi)
  9004 | D:10     | Killed taheo's ghost
  9085 | D:10     | Reached skill level 1 in Dodging
  9135 | D:10     | Killed a necromancer
  9526 | D:10     | Noticed a skeletal warrior
  9540 | D:10     | Killed a skeletal warrior
  9731 | D:9      | Bought a pair of heavily runed gloves for 304 gold pieces
  9731 | D:9      | Identified the +0 pair of gloves of Impressiveness {rF++ rN+++ MR- Stlth-} (You bought it in a shop on level 9 of the Dungeon)
 10121 | Lair:1   | Entered Level 1 of the Lair of Beasts
 10121 | Lair:1   | Noticed Joseph
 10146 | D:9      | Killed Joseph
 10146 | D:9      | Reached skill level 12 in Armour
 10369 | Lair:1   | Reached skill level 5 in Dodging
 10758 | Lair:1   | Reached ***** piety under Makhleb
 11275 | D:11     | Noticed a four-headed hydra
 11388 | D:11     | Noticed a hill giant
 11433 | D:10     | Reached skill level 13 in Armour
 11495 | D:10     | Reached XP level 12. HP: 110/110 MP: 10/10
 11826 | Lair:2   | Found a staircase to the Snake Pit.
 12226 | Lair:2   | Noticed Urug
 12261 | Lair:2   | Killed Urug
 12428 | Lair:2   | Paralysed by a hornet for 1 turns
 12791 | Lair:3   | Noticed a catoblepas
 12870 | Lair:3   | Noticed a four-headed hydra
 12894 | Lair:1   | Killed a four-headed hydra
 13005 | Lair:3   | Found a staircase to the Shoals.
 14403 | Lair:3   | Upgraded the game from 0.19.4-8-ga85b6b9 to 0.19.4-9-g45fd643
 14608 | Lair:3   | Reached skill level 1 in Slings
 14608 | Lair:3   | Reached skill level 1 in Throwing
 15465 | Lair:5   | Noticed a four-headed hydra
 15474 | Lair:5   | Killed a four-headed hydra
 15497 | Lair:5   | Noticed an eight-headed hydra
 15507 | Lair:5   | Killed an eight-headed hydra
 15532 | Lair:5   | Reached XP level 13. HP: 118/118 MP: 8/8
 15746 | Lair:5   | Found a staircase to the Slime Pits.
 15746 | Lair:5   | Found a viscous altar of Jiyva.
 15775 | Lair:5   | Gained mutation: You are somewhat resistant to further mutation. [potion of beneficial mutation]
 15807 | Lair:5   | Gained mutation: You have a pair of small antennae on your head. [potion of beneficial mutation]
 16282 | Lair:5   | Reached ****** piety under Makhleb
 16324 | Lair:6   | Entered Level 6 of the Lair of Beasts
 16453 | Lair:5   | Reached skill level 14 in Armour
 16972 | Lair:6   | Reached skill level 10 in Shields
 17753 | Lair:6   | Reached skill level 15 in Armour
 18099 | Lair:6   | Reached skill level 10 in Axes
 18157 | Lair:6   | Gained mutation: You resist negative energy. (rN+) [Deep Dwarf growth]
 18157 | Lair:6   | Reached XP level 14. HP: 101/129 MP: 9/9
 18982 | D:11     | Found a shimmering altar of Xom.
 19296 | D:11     | Reached skill level 10 in Fighting
 19489 | D:11     | Noticed a stone giant
 19513 | D:11     | Killed a stone giant
 19592 | D:11     | Got a polished hand crossbow
 19700 | D:11     | Identified the Papyrus of the Birds and Venom
 20139 | D:12     | Found a frozen archway.
 20156 | IceCv    | Entered an ice cave
 20741 | IceCv    | Noticed a frost giant
 20784 | IceCv    | Killed a frost giant
 20820 | IceCv    | Identified the Disquisition on Snow
 21065 | D:12     | Reached XP level 15. HP: 88/144 MP: 8/8
 21956 | Orc:1    | Entered Level 1 of the Orcish Mines
 22517 | Orc:2    | Entered Level 2 of the Orcish Mines
 22642 | Orc:2    | Found a staircase to the Elven Halls.
 22645 | Orc:2    | Found a roughly hewn altar of Beogh.
 22659 | Orc:2    | Found Hucvot's Gadget Shoppe.
 22681 | Orc:2    | Bought a wand of confusion (33/48) for 419 gold pieces
 23115 | Orc:2    | Found a roughly hewn altar of Beogh.
 23119 | Orc:2    | Found Elonueg's Distillery.
 23443 | Orc:2    | Found a roughly hewn altar of Beogh.
 24142 | Orc:2    | Noticed an orc warlord
 24174 | Orc:2    | Killed an orc warlord
 24243 | Orc:2    | Found Fenlanla's Antique Armour Shoppe.
 24245 | Orc:2    | Found a roughly hewn altar of Beogh.
 24249 | Orc:2    | Found Jiext's Antique Weapon Emporium.
 25120 | D:13     | Reached skill level 10 in Evocations
 25363 | D:14     | Found a sparkling altar of Nemelex Xobeh.
 25564 | D:14     | Found a gate to the Vaults.
 25679 | D:14     | Reached skill level 10 in Invocations
 26319 | D:15     | Entered Level 15 of the Dungeon
 26711 | D:15     | Reached XP level 16. HP: 154/154 MP: 7/7
 27270 | D:15     | Noticed Nessos
 27306 | D:15     | Killed Nessos
 27386 | D:15     | Found a staircase to the Depths.
 27904 | Elf:1    | Entered Level 1 of the Elven Halls
 28474 | Snake:1  | Entered Level 1 of the Snake Pit
 28681 | Snake:1  | Found Ruchoe's Assorted Antiques.
 28942 | Snake:1  | You fall through a shaft!
 29831 | Snake:1  | Reached skill level 15 in Axes
 30341 | Snake:2  | Noticed Azrael
 30368 | Snake:1  | Killed Azrael
 31024 | Snake:3  | Reached XP level 17. HP: 139/165 MP: 4/4
 32427 | Shoals:1 | Entered Level 1 of the Shoals
 32433 | Shoals:1 | Identified a scroll of acquirement
 32621 | Shoals:1 | You fall through a shaft!
 33580 | Snake:1  | Bought a glowing plate armour for 1160 gold pieces
 33751 | D:4      | Bought a transparent plate armour for 924 gold pieces
 33771 | D:4      | Identified the +4 plate armour of the Jolly Dances {rElec rC- Regen+ Str-4} (You bought it in a shop on level 4 of the Dungeon)
 33990 | Snake:1  | Bought a shiny brass ring for 200 gold pieces
 35498 | Shoals:3 | Reached skill level 15 in Fighting
 35977 | Snake:4  | Entered Level 4 of the Snake Pit
 36175 | Snake:4  | Found Huaxt's Assorted Antiques.
 36218 | Snake:4  | Bought a potion of curing for 60 gold pieces
 36218 | Snake:4  | Bought 2 potions of cancellation for 320 gold pieces
 36218 | Snake:4  | Bought a potion of might for 80 gold pieces
 36656 | Snake:4  | Found Kythro's Antique Weapon Shoppe.
 36829 | Snake:4  | Found Ixoepouq's Armour Shoppe.
 36839 | Snake:4  | Gained mutation: You passively map a large area around you. [Deep Dwarf growth]
 36839 | Snake:4  | Reached XP level 18. HP: 138/178 MP: 4/4
 36882 | Snake:4  | Found Guihacvy's Assorted Antiques.
 36939 | Snake:4  | Noticed Asterion
 36970 | Snake:4  | Killed Asterion
 37134 | Snake:4  | Noticed Nikola
 37162 | Snake:4  | Killed Nikola
 37448 | Snake:4  | Noticed Vashnia
 37564 | Snake:4  | Killed Vashnia
 37961 | Snake:4  | Reached skill level 16 in Armour
 38035 | Snake:4  | Got a serpentine rune of Zot
 38818 | Vaults:1 | Entered Level 1 of the Vaults
 39475 | Vaults:1 | Reached XP level 19. HP: 179/190 MP: 5/5
 39826 | Vaults:1 | Reached skill level 17 in Armour
 40642 | Vaults:1 | Found Ytuudog's Antique Armour Emporium.
 41030 | Vaults:2 | Found Utal's Armour Emporium.
 41059 | Vaults:2 | Reached skill level 18 in Armour
 41714 | Vaults:2 | Found a staircase to the Crypt.
 42302 | Vaults:2 | Reached XP level 20. HP: 172/199 MP: 6/6
 42532 | Vaults:2 | Reached skill level 15 in Shields
 42743 | Vaults:3 | Reached skill level 19 in Armour
 43063 | Vaults:3 | Found Baosab's Assorted Antiques.
 44502 | Vaults:4 | Reached skill level 15 in Evocations
 44605 | Vaults:4 | Noticed Sojobo
 44614 | Vaults:4 | Reached skill level 15 in Invocations
 45192 | Vaults:4 | Reached XP level 21. HP: 206/206 MP: 6/6
 45254 | Vaults:4 | Killed from afar by a Tzitzimitl

Skill      XL: |  1  2  3  4  5  6  7  8  9 10 11 12 13 14 15 16 17 18 19 20 |
---------------+-------------------------------------------------------------+-----
Fighting       | 3 4 5 7 8 9 11 12 13 15 16 | 16.5
Axes           | 3 4 5 7 8 9 10 13 14 15 17 18 | 18.0
Armour         | 4 6 9 11 13 15 16 18 19 | 19.0
Shields        | 5 6 8 11 14 16 | 16.1
Evocations     | 3 5 7 9 11 13 15 | 15.7
Invocations    | 1 6 7 10 12 15 | 15.5
Dodging        | 7 8 |  8.2
Slings         | 3 |  3.0
Throwing       | 2 |  2.5

Action                   |  1- 3 |  4- 6 |  7- 9 | 10-12 | 13-15 | 16-18 | 19-21 || total
-------------------------+-------+-------+-------+-------+-------+-------+-------++-------
Melee: War axe           |   118 |   170 |   422 |   463 |  1623 |  1200 |       ||  3996
       Battleaxe         |       |       |       |   452 |       |    77 |       ||   529
       Mace              |       |       |       |     7 |    22 |       |       ||    29
       Dire flail        |       |       |       |     3 |       |       |       ||     3
       Broad axe         |       |       |       |       |       |   544 |  1284 ||  1828
 Fire: Hunting sling     |       |    78 |   102 |   144 |    81 |       |       ||   405
       Fustibalus        |       |       |       |       |   214 |   355 |    19 ||   588
Throw: Stone             |       |     3 |    11 |    75 |       |       |       ||    89
       Javelin           |       |       |       |    10 |    90 |    55 |    39 ||   194
Invok: Minor Destruction |       |       |       |     1 |       |     1 |       ||     2
       Lesser Servant of |       |       |       |     2 |     6 |     7 |       ||    15
       Greater Servant o |       |       |       |       |       |     1 |     2 ||     3
 Abil: Device Recharging |       |       |     1 |     9 |     7 |     6 |     3 ||    26
Evoke: Wand              |       |     3 |    30 |    64 |    70 |    74 |    22 ||   263
       Box of beasts     |       |       |       |       |       |       |     1 ||     1
  Use: Scroll            |     5 |     9 |     8 |    19 |    16 |    19 |     5 ||    81
       Potion            |       |     2 |     2 |     6 |    12 |    15 |     6 ||    43
 Stab: Distracted        |       |       |       |     1 |     3 |     6 |     1 ||    11
       Paralysed         |       |       |       |       |    21 |     2 |    13 ||    36
       Confused          |       |       |       |       |       |     3 |     1 ||     4
  Eat: Chunk             |     1 |     6 |     5 |    12 |    13 |     1 |       ||    38
       Fruit             |       |     1 |       |     3 |    19 |    12 |       ||    35
       Meat ration       |       |       |     1 |     2 |     2 |     4 |     3 ||    12
       Bread ration      |       |       |     1 |     3 |       |     5 |     3 ||    12
       Royal jelly       |       |       |     1 |       |       |       |       ||     1
       Beef jerky        |       |       |       |       |     1 |     2 |     1 ||     4
       Pizza             |       |       |       |       |       |       |     1 ||     1
Armor: Scale mail        |    46 |    56 |   195 |   171 |       |       |       ||   468
       Skin              |       |       |     3 |   115 |       |       |       ||   118
       Plate armour      |       |       |       |    74 |       |   115 |   549 ||   738
       Chain mail        |       |       |       |   171 |   551 |   436 |       ||  1158
Dodge: Dodged            |    48 |    42 |   133 |   432 |   637 |   643 |   435 ||  2370
Block: Shield            |    71 |    98 |   276 |   319 |   928 |  1024 |   806 ||  3522
